 Dungeon Crawl Stone Soup version 0.31-a0-636-ge1c0e020e0 (webtiles) character file.

Game seed: 12615017372879366037

550 LobsterGuardian the Sneak (level 7, -1/33 HPs)
             Began as a Spriggan Artificer on Aug 27, 2023.
             Killed by divine providence
             ... invoked by an orc priest
              (9 damage)
             ... on level 5 of the Dungeon.
             The game lasted 00:12:06 (3547 turns).

LobsterGuardian the Sneak (Spriggan Artificer)      Turns: 3547, Time: 00:12:07

Health: -1/33      AC:  5    Str:  8    XL:     7   Next: 7%
Magic:  8/8        EV: 20    Int: 12    God:
Gold:   231        SH:  0    Dex: 18    Spells: 6/6 levels left

rFire   + . .        r - +0 dagger (vamp)
rCold   . . .        (no shield)
rNeg    . . .        b - +1 robe
rPois   .            f - +2 hat
rElec   .            (no cloak)
rCorr   .            (gloves unavailable)
SInv    +            (boots unavailable)
Will    +....        (no amulet)
Stlth   ++++         g - ring of protection from fire
HPRegen 0.25/turn    (no ring)
MPRegen 0.11/turn

%: no passive effects
@: very quick
A: very small, no large weapons, unfitting armour, see invisible, speed 3, wild
magic 1, MP-powered wands
a: no special abilities


You were on level 5 of the Dungeon.
You visited 1 branch of the dungeon, and saw 5 of its levels.

You collected 231 gold pieces.

Inventory:

Hand Weapons
 r - a +0 vampiric dagger (weapon)
Armour
 b - a +1 robe (worn)
 f - a +2 hat (worn)
Jewellery
 g - a ring of protection from fire (left hand)
Wands
 d - a wand of charming (4)
 s - a wand of polymorph (9)
Scrolls
 m - a scroll of butterflies {unknown}
 n - a scroll of immolation {unknown}
 p - a scroll of poison {unknown}
Potions
 a - 4 potions of lignification {unknown}
 i - 5 potions of curing {unknown}
 j - a potion of attraction {unknown}
 k - a potion of heal wounds {unknown}
 o - a potion of might {unknown}
 q - a potion of berserk rage
 t - 2 potions of mutation


   Skills:
 + Level 1.6 Fighting
 + Level 3.0 Short Blades
 + Level 5.6 Dodging
 * Level 6.9 Stealth
 + Level 6.0 Evocations


You had 6 spell levels left.
You didn't know any spells.
Your spell library contained the following spells:

 Spells                   Type           Power      Damage    Failure   Level
 Magic Dart               Conj           0%         1d3       41%         1
 Blink                    Tloc           0%         N/A       54%         2
 Ensorcelled Hibernation  Hex/Ice        0%         N/A       54%         2
 Passwall                 Tmut/Erth      0%         N/A       54%         2
 Searing Ray              Conj           0%         2d4       54%         2
 Swiftness                Air            0%         N/A       77%         3
 Fulminant Prism          Conj/Hex       0%         3d5       98%         4
 Manifold Assault         Tloc           0%         N/A       98%         4


Dungeon Overview and Level Annotations

Branches:
Dungeon (5/15)
 Temple: D:4-7

Altars:
Uskayaw

Annotations:
D:3 3 runed translucent doors, dxb338's ghost, weakling FeSh
D:5 Dowan; Duvessa


Innate Abilities, Weirdness & Mutations

You are very small and have problems with some larger weapons.
You are too small for most types of armour.
You have supernaturally acute eyesight. (SInv)
You cover ground extremely quickly. (Speed+++)
Your spells are a little harder to cast, but a little more powerful.
You expend magic power (3 MP) to strengthen your wands.


Message History

You swap places.
An orc priest comes into view. It is wielding a +0 hand axe.
An orc wizard comes into view. It is wielding a +1 dagger of speed.
Found a stone staircase leading down.
The orc wizard shouts!
You hear a shout!
An orc comes into view. It is wielding a +0 war axe.
Dowan points at you and mumbles some strange words.
Duvessa easily resists.
A dart slug comes into view.
What are your orders? t - Shout!
Orders for allies: a - Attack new target. p - Attack previous target. r - Retreat! s - Stop attacking. g - Guard the area. f - Follow me.
Anything else - Cancel.
Gang up on whom?
Press: ? - help, Dir - move target, f - orc priest, p - Duvessa
Aim: an orc priest, wielding a +0 hand axe Attack!
The orc wizard casts a spell at you. The puff of flame hits you. You resist.
The orc priest calls down the wrath of Beogh upon you.
Beogh smites you! Dowan gestures at you while chanting.
The puff of frost hits you!
* * * LOW HITPOINT WARNING * * *
You hear a shout!
Unknown command.
It was a potion of mutation.
You feel extremely strange.
You feel less in control of your magic.
You feel your magical essence link to the dungeon's wands.
Duvessa closely misses the orc priest.
You barely miss Dowan.
Dowan is severely wounded.
You barely miss Dowan.
Dowan is severely wounded.
Duvessa hits the orc priest but does no damage.
The orc priest invokes the aid of Beogh against you.
Beogh smites you!
You die...

.### ..>. .... ..#
..w ...# #.. #..#
#oo# #..#
#.#..o#####.(#
#.....e......####.
#.#.#.#@.........#
#.#e##...####
#.#.##...# #
.#.#.##.#.# #.##.
..........##......
####.####.#......#
..........####.###
###.####..# #
#..####.#


You could see Dowan, an orc priest (ally target), an orc wizard, a dart slug, an
orc and the friendly Duvessa (charmed).

Vanquished Creatures
  Sigmund (D:2)
  A howler monkey (D:4)
  A jelly (D:4)
  A hound (D:4)
  An orc priest (D:4)
  Ijyb (D:3)
  2 orc wizards (D:4)
  A gnoll (D:1)
  5 adders
  3 worms
  4 dart slugs
  3 orcs (D:4)
  4 bats
  11 endoplasms
  2 giant cockroaches
  8 goblins
  7 hobgoblins
  6 kobolds
  7 ball pythons
  2 frilled lizards
  4 rats
75 creatures vanquished.

Vanquished Creatures (collateral kills)
  A jelly (D:2)
  Robin (D:3)
  An orc (D:4)
  An endoplasm (D:4)
  A goblin (D:3)
  2 kobolds (D:2)
7 creatures vanquished.

Vanquished Creatures (others)
  A jelly (D:2)
  4 goblins (D:3)
  2 kobolds (D:2)
7 creatures vanquished.

Grand Total: 89 creatures vanquished

Notes
Turn   | Place    | Note
-------+----------+-------------------------------------------
     0 | D:1      | LobsterGuardian the Spriggan Artificer began the quest for
                  | the Orb.
     0 | D:1      | Reached XP level 1. HP: 9/9 MP: 2/2
   301 | D:1      | Reached XP level 2. HP: 14/14 MP: 3/3
   720 | D:2      | Noticed Sigmund
   728 | D:2      | Killed Sigmund
   729 | D:2      | Reached skill level 1 in Fighting
   729 | D:2      | Reached skill level 1 in Short Blades
   729 | D:2      | Reached skill level 5 in Evocations
   729 | D:2      | Reached XP level 3. HP: 18/18 MP: 4/4
   729 | D:2      | Reached XP level 4. HP: 22/22 MP: 5/5
   729 | D:2      | Reached XP level 5. HP: 25/25 MP: 6/6
   857 | D:2      | Found a hide-covered altar of Uskayaw.
  1012 | D:2      | Reached skill level 5 in Stealth
  1655 | D:3      | Found a runed translucent gate.
  1655 | D:3      | Found a runed translucent gate.
  1657 | D:3      | Found a runed translucent gate.
  1661 | D:3      | Noticed dxb338's ghost (weakling FeSh)
  1685 | D:3      | Noticed Ijyb
  1688 | D:3      | Killed Ijyb
  1689 | D:3      | Reached skill level 5 in Dodging
  1689 | D:3      | Reached XP level 6. HP: 30/30 MP: 7/7
  1728 | D:3      | Noticed Robin
  1740 | D:3      | Killed Robin
  1976 | D:3      | Found a faded altar of an unknown god.
  3092 | D:4      | Reached XP level 7. HP: 5/33 MP: 8/8
  3450 | D:5      | Entered Level 5 of the Dungeon
  3531 | D:5      | Noticed Dowan
  3536 | D:5      | Noticed Duvessa
  3545 | D:5      | Gained mutation: Your spells are a little harder to cast,
                  | but a little more powerful. [potion of mutation]
  3545 | D:5      | Gained mutation: You expend magic power (3 MP) to
                  | strengthen your wands. [potion of mutation]
  3547 | D:5      | Killed from afar by an orc priest

Illustrated notes

Levels and vault maps discovered:
D:1:      dpeg_arrival_tiny_e, layout_loops_cross, minivault_14,
          grunt_decor_junction
D:2:      cheibrodos_fertilizer, layout_basic, basic_altar, uniq_sigmund
D:3:      layout_loops_cross, ebering_ecumenical_altar_petrified,
          gammafunk_ghost_necromancy, uniq_robin, uniq_ijyb
D:4:      layout_loops_corners
D:5:      layout_loops_ring, minmay_temple_entry_mini_moons,
          serial_bayou_crossing, uniq_duvessa

Skill      XL: |  1  2  3  4  5  6  7 |
---------------+----------------------+-----
Stealth        | 4 5 6 |  6.9
Fighting       | 1 |  1.6
Short Blades   | 1 2 3 |  3.0
Dodging        | 4 5 |  5.6
Evocations     | 5 6 |  6.0

Action                     |  1- 3 |  4- 6 |  7- 9 || total
---------------------------+-------+-------+-------++-------
  Melee: Dagger            |    58 |   342 |    21 ||   421
         Club              |     5 |       |       ||     5
         Punch             |       |     5 |       ||     5
  Evoke: Wand              |     6 |    20 |     5 ||    31
    Use: Scroll            |     4 |     2 |       ||     6
         Potion            |       |       |     1 ||     1
   Stab: Sleeping          |     4 |    14 |       ||    18
         Distracted        |       |     1 |     1 ||     2
         Confused          |       |     1 |       ||     1
 Armour: Robe              |    10 |    55 |     3 ||    68
  Dodge: Dodged            |    57 |   205 |    20 ||   282

Table legend: (Time is in decaauts)
 A = Elapsed time spent in this place.
 B = Non-inter-level travel time spent in this place.
 C = Inter-level travel time spent in this place.
 D = Time resting spent in this place.
 E = Time spent auto-exploring this place.
 F = Levels seen in this place.
 G = Mean time per level.
                   A        B        C        D        E       F      G
               +--------+--------+--------+--------+--------+-----+--------+
         Total |   2530 |   2490 |     40 |      0 |   1793 |   5 |  506.0 |
       Dungeon |   2530 |   2490 |     40 |      0 |   1793 |   5 |  506.0 |
               +--------+--------+--------+--------+--------+-----+--------+

Top non-repeatable levels by time:
     D:4: 730 daAuts
     D:2: 637 daAuts
     D:3: 601 daAuts
     D:1: 472 daAuts
     D:5: 87 daAuts
